 Dungeon Crawl Stone Soup version 0.32-a0-18-g89e19f1974 (webtiles) character file.

Game seed: 17461009771339153848

71 Malachi the Magician (level 4, -1/31 HPs)
             Began as a Djinni Fire Elementalist on Jan 16, 2024.
             Slain by an orc
             ... wielding a +0 hand axe
              (5 damage)
             ... on level 3 of the Dungeon.
             The game lasted 00:02:27 (1590 turns).

Malachi the Magician (Djinni Fire Elementalist)     Turns: 1590, Time: 00:02:27

Health: -1/31      AC:  2    Str:  7    XL:     4   Next: 47%
Gold:   132        EV: 12    Int: 18    God:
                   SH:  0    Dex: 14

rFire   + + .        b - +2 dagger (venom)
rCold   x . .        (no shield)
rNeg    . . .        a - +0 robe
rPois   ∞            (no helmet)
rElec   .            (no cloak)
rCorr   .            (no gloves)
SInv    .            (boots unavailable)
Will    .....        (no amulet)
Stlth   ++           (no ring)
HPRegen 0.25/turn    (no ring)
MPRegen 0.00/turn

%: infuse magic (-2 HP)
@: on berserk cooldown, flying, slowed, very slow
A: sickness immunity, fire resistance 2, cold vulnerability 1, float, innate
caster, HP casting, extra vitality 1
a: no special abilities


You were on level 3 of the Dungeon.
You visited 1 branch of the dungeon, and saw 3 of its levels.

You collected 132 gold pieces.

Inventory:

Hand Weapons
 b - a +2 dagger of venom (weapon)
Missiles
 f - 5 poisoned darts
 l - 3 javelins
 n - 2 atropa-tipped darts
Armour
 a - a +0 robe (worn)
Talismans
 k - a beast talisman
Scrolls
 d - a scroll of enchant weapon {unknown}
 i - a scroll of fog {unknown}
 o - a scroll of teleportation {unknown}
 p - a scroll of amnesia {unknown}
Potions
 g - a potion of brilliance {unknown}
 h - 3 potions of curing {unknown}
 j - a potion of resistance {unknown}
 m - a potion of invisibility {unknown}


   Skills:
 - Level 2.1 Dodging
 - Level 1.5 Stealth
 + Level 4.4 Spellcasting
 + Level 4.4 Conjurations
 + Level 4.4 Hexes
 + Level 4.4 Summonings
 + Level 4.4 Necromancy
 + Level 4.4 Translocations
 + Level 4.4 Fire Magic
 + Level 4.4 Ice Magic
 + Level 4.4 Air Magic
 + Level 4.4 Earth Magic
 + Level 4.4 Alchemy


You knew the following spells:

 Your Spells              Type           Power      Damage    Failure   Level
a - Foxfire               Conj/Fire      76%        2x1d7     2%          1
b - Scorch                Fire           38%        2d6       3%          2
c - Volatile Blastmotes   Fire/Tloc      38%        2d13      7%          3
d - Inner Flame           Hex/Fire       19%        N/A       7%          3
e - Flame Wave            Conj/Fire      19%        2d7       22%         4
f - Slow                  Hex            76%        N/A       2%          1
Your spell library was empty.

Dungeon Overview and Level Annotations

Branches:
Dungeon (3/15)

Altars:

Annotations:
D:2 Natasha
D:3 Grinder


Innate Abilities, Weirdness & Mutations

You are immune to sickness and miasma.
You are immune to poison.
Your flesh is very heat resistant. (rF++)
You are vulnerable to cold. (rC-)
You float through the air rather than walking.
You learn spells naturally, not from books.
Your magical power is your life essence.
You have superior vitality. (+4 MHP)


Message History

You see here a +0 club.
A goblin comes into view. It is wielding a +0 dagger.
The orc attacks as it pursues you! The orc hits you with a +0 hand axe.
* * * LOW HITPOINT WARNING * * *
Okay, then.
It was a potion of berserk rage.
A red film seems to cover your vision as you go berserk!
You feel yourself moving faster!
You feel mighty!
The goblin shouts!
The orc hits you with a +0 hand axe.
* * * LOW HITPOINT WARNING * * *
The goblin unwields a +0 dagger.
The goblin wields a +0 sling.
The goblin shoots a sling bullet.
The sling bullet misses you.
You are too berserk!
Unknown command.
You closely miss the orc. The orc hits you with a +0 hand axe.
* * * LOW HITPOINT WARNING * * *
The goblin shoots a sling bullet.
The sling bullet closely misses you.
You feel a strong urge to attack something.
The goblin shoots a sling bullet.
The sling bullet hits you but does no damage.
You feel your anger nearly subside.
You are no longer berserk.
You are exhausted.
You feel yourself slow down.
The goblin shoots a sling bullet.
The sling bullet misses you. The bat barely misses you.
The goblin shoots a sling bullet.
The sling bullet closely misses you.
As you read the scroll labelled JUGIZXEBOI, it crumbles to dust.
You feel aware of your surroundings.
You sensed 1 altar.
It was a scroll of revelation.
Grinder says, "You look like you could use a good racking."
The orc hits you with a +0 hand axe.
* * * LOW HITPOINT WARNING * * *
Grinder says, "Just stop there for a second..."
The orc misses you.
Found a robe.
The orc attacks as it pursues you! The orc closely misses you.
Found a fuming yellow potion.
The orc hits you but does no damage. The orc attacks as it pursues you!
The orc closely misses you. The orc hits you with a +0 hand axe.
You die...

,,.....)..........,# *,,,,,,*,,**
,,..K...........#..# *,,,,,,,,**
,,.............##..###r,,,,,*,*
,,..................5.,,,,,,*,*
,,.....#.......##..###.,,,,,*,***
,,..........<..........,,,,,,,,,,
,,..##.##)####.....###...,,,,****
,,.....##.####.....###...,,,,*
,,..............@........,,,,****
,,....#...#######o......!***,,,,,
,,.#....#.#######g###....,,*****,
,,,#......#####...#...###*,,,***,
***####...g.K...#...##******,,**,
*#...5######.......**,,,,,,,
#...##############[**,******
##.##############****,******
#.##############**,~,~,**,,


You could see an orc and a goblin.

Vanquished Creatures
  2 adders (D:2)
  2 dart slugs (D:2)
  A ribbon worm (D:2)
  4 ball pythons
  7 endoplasms
  8 goblins
  3 hobgoblins (D:1)
  4 kobolds
  2 quokkas
  5 bats
  2 frilled lizards (D:1)
  5 rats
45 creatures vanquished.

Vanquished Creatures (others)
  9 foxfires (D:1)
9 creatures vanquished.

Grand Total: 54 creatures vanquished

Notes
Turn   | Place    | Note
-------+----------+-------------------------------------------
     0 | D:1      | Malachi the Djinni Fire Elementalist began the quest for
                  | the Orb.
     0 | D:1      | Malachi set off with the following spells memorised:
                  | Foxfire, Scorch, Volatile Blastmotes, Inner Flame, Flame
                  | Wave.
     0 | D:1      | Reached XP level 1. HP: 15/15 MP: 0/0
   127 | D:1      | Reached XP level 2. HP: 21/21 MP: 0/0
   215 | D:1      | Found a faded altar of an unknown god.
   471 | D:1      | Reached XP level 3. HP: 19/25 MP: 0/0
   471 | D:1      | Learned a level 1 spell: Slow
  1336 | D:2      | Reached XP level 4. HP: 27/31 MP: 0/0
  1547 | D:2      | Noticed Natasha
  1563 | D:3      | Noticed Grinder
  1590 | D:3      | Slain by an orc

Illustrated notes

Levels and vault maps discovered:
D:1:      lightli_arrival_maybe_door_vault, layout_basic,
          basic_ecumenical_altar, minmay_misc_feat_nine_boxes
D:2:      layout_rooms, serial_rivers, chequers_serial_rivers_small_a,
          chequers_serial_rivers_small_3, chequers_serial_rivers_micro_d,
          chequers_serial_rivers_room_b, hangedman_feature_mirror,
          uniq_crazy_yiuf_cottage, uniq_natasha
D:3:      minmay_bubble_buster, layout_rooms, trog_hazing_becter, uniq_grinder

Skill      XL: |  1  2  3 |
---------------+----------+-----
Spellcasting   | 4 |  4.4
Conjurations   | 4 |  4.4
Hexes          | 4 |  4.4
Summonings     | 4 |  4.4
Necromancy     | 4 |  4.4
Translocations | 4 |  4.4
Fire Magic     | 4 |  4.4
Ice Magic      | 4 |  4.4
Air Magic      | 4 |  4.4
Earth Magic    | 4 |  4.4
Alchemy        | 4 |  4.4
Dodging        | |  2.1
Stealth        | |  1.5

Action                     |  1- 3 |  4- 6 || total
---------------------------+-------+-------++-------
  Melee: Dagger            |    80 |    27 ||   107
         Unarmed           |     1 |       ||     1
         Punch             |       |     1 ||     1
   Cast: Foxfire           |     7 |       ||     7
    Use: Scroll            |       |     1 ||     1
         Potion            |       |     1 ||     1
   Stab: Sleeping          |     6 |     1 ||     7
 Armour: Robe              |    40 |    32 ||    72
  Dodge: Dodged            |    43 |    24 ||    67

Table legend: (Time is in decaauts)
 A = Elapsed time spent in this place.
 B = Non-inter-level travel time spent in this place.
 C = Inter-level travel time spent in this place.
 D = Time resting spent in this place.
 E = Time spent auto-exploring this place.
 F = Levels seen in this place.
 G = Mean time per level.
                   A        B        C        D        E       F      G
               +--------+--------+--------+--------+--------+-----+--------+
         Total |   1593 |   1567 |     26 |    146 |   1048 |   3 |  531.0 |
       Dungeon |   1593 |   1567 |     26 |    146 |   1048 |   3 |  531.0 |
               +--------+--------+--------+--------+--------+-----+--------+

Top non-repeatable levels by time:
     D:1: 1091 daAuts
     D:2: 467 daAuts
     D:3: 35 daAuts
